 Dungeon Crawl Stone Soup version 0.28.0-45-g0d030f2227 (webtiles) character file.

Game seed: 7641247661114768484

135105 croobank the Warrior (level 16, 0/159 HPs)
             Began as a Minotaur Fighter on Apr 8, 2022.
             Was an Initiate of Gozag.
             Slain by a naga warrior
             ... wielding a +1 vorpal battleaxe
              (31 damage)
             ... on level 3 of the Snake Pit on Apr 9, 2022.
             The game lasted 03:05:59 (30838 turns).

croobank the Warrior (Minotaur Fighter)            Turns: 30838, Time: 03:06:17

Health: 0/159      AC: 30    Str: 28    XL:     16   Next: 63%
Magic:  15/15      EV:  5    Int:  5    God:    Gozag
Gold:   4365       SH: 14    Dex: 11    Spells: 15/15 levels left

rFire   + + +      SeeInvis +   a - +0 broad axe (venom)
rCold   + . .      Faith    .   i - +0 kite shield
rNeg    . . .      Spirit   .   y - +8 chain mail {rF+}
rPois   .          Reflect  .   u - +0 hat {SInv}
rElec   .          Harm     .   c - scarf {rC+ rF+}
rCorr   .          Rampage  .   E - +2 pair of gloves
Will    ++...                   k - +0 pair of boots
Stlth   ..........              q - amulet of regeneration
HPRegen 1.16/turn               z - ring of willpower
MPRegen 0.14/turn               S - ring of protection from fire

@: lethally poisoned (0 -> -4), constricted, bribing [the Snake Pit]
A: horns 2, retaliatory headbutt, claws 1, iridescent scales 1, passive freeze,
subdued magic 3, MP-powered wands
a: Renounce Religion, Potion Petition, Call Merchant, Bribe Branch


You were on level 3 of the Snake Pit.
You worshipped Gozag.
Gozag was most pleased with you.
You visited 5 branches of the dungeon, and saw 27 of its levels.
You also visited: Bailey and Gauntlet.

You collected 9539 gold pieces.
You spent 1014 gold pieces at shops.
You paid 4160 gold pieces to Gozag.

Inventory:

Hand Weapons
 a - a +0 broad axe of venom (weapon)
 b - a +2 hunting sling of freezing
 g - a +1 scimitar of holy wrath
 h - a +0 dire flail
 F - the +0 glaive of Zefal {vorpal, rF+ rC+ rN++ Dex-5}
   (You found it on level 5 of the Lair of Beasts)

   It inflicts extra damage upon your enemies.
   Dex:       It affects your dexterity (-5).
   rF:        It protects you from fire.
   rC:        It protects you from cold.
   rN:        It greatly protects you from negative energy.
 G - the +8 triple crossbow "Rydil" {elec, rPois}
   (You found it on level 11 of the Dungeon)

   Any ammunition fired from it occasionally discharges a powerful burst of
   electricity upon striking a foe.
   rPois:     It protects you from poison.
 O - the +7 longbow of Exhibitionism {venom, rCorr Int-4 Dex+8}
   (You found it in a Gauntlet)

   Any ammunition fired from it poisons the flesh of those it strikes.
   Int:       It affects your intelligence (-4).
   Dex:       It affects your dexterity (+8).
   rCorr:     It protects you from acid and corrosion.
Missiles
 e - 5 silver boomerangs
 t - 134 bolts
 w - 456 arrows
 B - 9 atropa-tipped darts (quivered)
 D - 170 sling bullets
Armour
 c - a scarf of resistance (worn)
 i - a +0 kite shield (worn)
 k - a +0 pair of boots (worn)
 m - an orb of wrath
 u - a +0 hat of see invisible (worn)
 y - a +8 chain mail of fire resistance (worn)
 E - a +2 pair of gloves (worn)
Jewellery
 l - a ring of positive energy
 n - the ring "Hicwyles" {Wiz rN+ Str+3 Dex+2 SInv}
   (You found it on level 11 of the Dungeon)

   [ring of wizardry]

   It improves your spell success rate.
   Str:       It affects your strength (+3).
   Dex:       It affects your dexterity (+2).
   rN:        It protects you from negative energy.
   SInv:      It lets you see invisible.
 p - a ring of willpower
 q - an amulet of regeneration (around neck)
 r - a ring of protection from cold
 x - a +4 ring of evasion
 z - a ring of willpower (left hand)
 P - a +4 ring of protection
 S - a ring of protection from fire (right hand)
 V - a ring of resist corrosion
Wands
 I - a wand of acid (11)
 J - a wand of charming (4)
 T - a wand of digging (10)
 W - a wand of flame (34)
 Y - a wand of iceblast (35)
Scrolls
 o - 2 scrolls of enchant armour
 v - 2 scrolls of teleportation
 C - 2 scrolls of blinking
 K - 10 scrolls of identify
 L - a scroll of summoning
 M - 4 scrolls of fear
 R - 2 scrolls of silence
 U - a scroll of holy word
Potions
 f - 3 potions of cancellation
 j - a potion of resistance
 s - 3 potions of flight
 A - 2 potions of heal wounds
 H - 3 potions of curing
 Q - 3 potions of ambrosia
 Z - 3 potions of might
Miscellaneous
 d - a box of beasts (inert)
 N - a phial of floods (inert)


   Skills:
 + Level 18.5 Fighting
 + Level 18.2 Axes
 + Level 18.5 Armour
 + Level 18.5 Shields


You had 15 spell levels left.
You didn't know any spells.
Your spell library contained the following spells:

 Spells                   Type           Power      Damage    Failure   Level
 Freeze                   Ice            0%         1d3       88%         1
 Sting                    Tmut/Pois      0%         1d3       88%         1
 Scorch                   Fire           0%         2d5       96%         2
 Call Canine Familiar     Summ           0%         N/A       99%         3
 Frozen Ramparts          Ice            0%         1d2       99%         3
 Ignite Poison            Fire/Tmut/Pois 0%         N/A       99%         3
 Mephitic Cloud           Conj/Pois/Air  0%         N/A       99%         3
 Portal Projectile        Hex/Tloc       0%         N/A       99%         3
 Tukima's Dance           Hex            0%         N/A       99%         3
 Anguish                  Hex/Necr       0%         N/A       100%        4
 Flame Wave               Conj/Fire      0%         2d4       100%        4
 Fulminant Prism          Conj/Hex       0%         3d6       100%        4
 Hailstorm                Conj/Ice       0%         3d3       100%        4
 Ice Form                 Ice/Tmut       0%         N/A       100%        4
 Leda's Liquefaction      Hex/Erth       0%         N/A       100%        4
 Summon Lightning Spire   Summ/Air       0%         N/A       100%        4
 Alistair's Intoxication  Tmut/Pois      0%         N/A       100%        5
 Blade Hands              Tmut           0%         N/A       100%        5
 Excruciating Wounds      Necr           0%         N/A       100%        5
 Fireball                 Conj/Fire      0%         3d3       100%        5
 Freezing Cloud           Conj/Ice/Air   0%         6-21      100%        5
 Simulacrum               Ice/Necr       0%         N/A       100%        6
 Enfeeble                 Hex            0%         N/A       100%        7
 Storm Form               Tmut/Air       0%         N/A       100%        7
 Maxwell's Capacitive Co  Air            0%         ∞         100%        8
 Polar Vortex             Ice            0%         N/A       100%        9


Dungeon Overview and Level Annotations

Branches:
Dungeon (15/15)            Temple (1/1) D:5            Lair (6/6) D:10
 Shoals (0/4) Lair:2        Snake (3/4) Lair:3        Slime (0/5) Lair:6
    Orc (2/2) D:10            Elf (0/3) Orc:2        Vaults (0/5) D:14
 Depths (0/4) D:15         Bailey (visited)         Gauntlet (visited)

Altars:
Ashenzari
Cheibriados
Elyvilon
Fedhas
Gozag
Hepliaklqana
Kikubaaqudgha
Trog
Vehumet
Xom
Beogh
Jiyva

Shops:
D:14 *   Orc:2 [[*=!   Snake:2 (=[

Portals:
Pandemonium: Orc:2
Trove: D:10 (give +4 ice dragon scales)

Annotations:
D:14 Rupert; Urug
Lair:2 2 transporters, exclusion: oklob plant, Ajec's ghost, journeyman OgCA
Lair:3 exclusion: oklob plant
Snake:3 3 runed translucent doors, smarlow's ghost, adept GnCj


Innate Abilities, Weirdness & Mutations

You have a pair of horns on your head.
You reflexively headbutt those who attack you in melee.
You have sharp fingernails.
You are partially covered in iridescent scales. (AC +2)
A frigid envelope surrounds you and freezes all who hurt you.
Your spells are much easier to cast, but much less powerful.
You expend magic power (3 MP) to strengthen your wands.


Message History

The naga is heavily wounded.
The naga constricts you.
The naga warrior hits you with a +1 vorpal battleaxe.
The naga warrior is very cold.
The naga warrior is lightly wounded.
Cleave: a) +0 broad axe (venom)
Press: ? - help, Dir - move target, f - naga
Aim: a naga, wielding a +0 flail (heavily wounded, constricting you, strong, about 29% to evade your +0 broad axe of venom)
Okay, then.
You open the lid... ...and a larval fireox beast leaps out!
The box is emptied!
The salamander barely misses you. The naga hits you with a +0 scimitar!
The naga is very cold.
The naga is moderately wounded.
The salamander hits you but does no damage.
The salamander is frozen!
The salamander is very cold.
The salamander is heavily wounded.
You block the naga's attack. The naga constricts you.
The naga warrior hits you with a +1 vorpal battleaxe.
The naga warrior is very cold.
The naga warrior is lightly wounded.
You slash the naga warrior!
The naga warrior is moderately wounded.
You hit the salamander. You hit the naga.
The naga is poisoned.
You closely miss the naga.
The salamander hits you from afar with a +0 halberd.
You are engulfed in flames.
You resist. The naga hits you with a +0 scimitar.
The naga is very cold.
The naga is heavily wounded.
The salamander hits you with a +0 trident!!
You are engulfed in flames.
You resist.
The salamander is frozen!
The salamander is very cold.
The salamander is severely wounded.
You block the naga's attack. The naga constricts you.
The guardian serpent casts a spell at you.
The bolt of poison hits the naga.
The bolt of poison hits you!!
You are poisoned.
* * * LOW HITPOINT WARNING * * *
The naga warrior hits you with a +1 vorpal battleaxe!!
You die...
Your body crumbles into a pile of gold.

##....## ##.
##....## #..
#..#.## #..
###...## #(.#
##....##
#...###....##
#H..#....##
#.#..#.##
##@N..##
##NNN.##
#S)#N##
#...#.###
NS.#>...# N
#....## #####


You could see a naga warrior, 2 salamanders, a guardian serpent, 2 nagas and a
friendly larval fireox beast (summoned).

Vanquished Creatures
  Gastronok (Lair:1)
  A balrug (Gauntlet)
  A war gargoyle (D:11)
  Azrael (D:13)
  A minotaur (Gauntlet)
  An ettin (D:11)
  Josephine (D:10)
  A fire dragon (D:11)
  2 ogre magi (D:11)
  9 hydras
  5 naga warriors
  A spriggan zombie (D:15)
  2 catoblepae
  4 anacondas
  2 demonspawn (Orc:2)
  2 boulder beetles
  A salamander tyrant (Snake:2)
  2 centaur warriors
  A death knight (D:11)
  3 death yaks
  2 two-headed ogres
  4 tengu warriors
  A deep troll earth mage (D:11)
  A shock serpent (Snake:3)
  4 orc high priests (Orc:2)
  A naga sharpshooter (Snake:1)
  A sun demon (Orc:2)
  A sixfirhy (Gauntlet)
  2 salamander mystics
  9 sea snakes
  3 goliath frogs (Lair:6)
  2 skeletal warriors
  A steelbarb worm (shapeshifter) (D:11)
  6 naga ritualists
  An orb spider (shapeshifter) (D:11)
  A flayed ghost (D:10)
  A lindwurm (Lair:5)
  A necromancer (D:15)
  6 mana vipers
  A phantasmal warrior (D:15)
  7 orc sorcerers (Orc:2)
  6 orc knights
  2 manticores
  11 salamanders
  A deep elf pyromancer (D:15)
  A sphinx skeleton (D:15)
  9 ugly things
  2 guardian serpents
  A fire giant skeleton (D:15)
  6 cyclopes
  4 elephants (Lair:6)
  3 naga magi (Snake:1)
  30 black mambas
  A smoke demon (Orc:2)
  Psyche (D:11)
  A molten gargoyle (Lair:1)
  24 cane toads
  3 torpor snails (Lair:2)
  5 gargoyles
  An unseen horror (D:11)
  6 kobold demonologists (D:12)
  2 efreet
  14 komodo dragons
  A tengu conjurer (D:15)
  A yaktaur (shapeshifter) (D:11)
  A guardian mummy (D:15)
  A freezing wraith (D:10)
  Grinder (D:3)
  4 trolls
  4 dream sheep (Lair:5)
  7 blink frogs (Lair:6)
  2 tyrant leeches (Lair:6)
  A hornet (D:8)
  Sigmund (D:3)
  4 shadows
  7 wraiths
  44 yaks
  A wyvern (D:11)
  Eustachio (D:4)
  A ynoxinul (Orc:2)
  4 fire bats (Lair:1)
  A human (D:13)
  A neqoxec (Orc:1)
  A golden eye (Lair:5)
  A vampire (D:13)
  6 basilisks
  6 fire elementals
  2 steam dragons
  17 vampire mosquitoes
  Edmund (D:4)
  4 acid dragons
  2 wargs (Orc:1)
  23 nagas
  5 hell hounds
  7 water moccasins
  Duvessa (D:4)
  29 orc warriors
  4 black bears
  An ice beast (D:5)
  A necrophage (D:6)
  8 ogres
  8 wolves
  4 centaurs
  2 phantoms
  13 kobold brigands
  23 bullfrogs
  2 scorpions (D:5)
  A water moccasin zombie (D:6)
  Dowan (D:4)
  4 killer bees
  11 electric eels
  A bullfrog zombie (D:6)
  6 centaur zombies
  2 bullfrog skeletons (D:4)
  2 hounds (D:5)
  30 orc priests
  4 gnoll shamans
  A jelly (D:6)
  A centaur skeleton (D:5)
  An iguana (D:7)
  23 orc wizards
  9 hell rats
  2 hound skeletons (D:4)
  3 howler monkey zombies
  18 gnolls
  15 adders
  10 river rats (Lair:6)
  A shadow imp (D:5)
  3 white imps
  5 ufetubi
  2 adder skeletons (D:4)
  3 worms
  A dart slug (D:1)
  73 orcs
  8 bats
  4 endoplasms
  4 giant cockroaches
  5 goblins
  5 hobgoblins
  4 jackals (D:1)
  A quokka (D:2)
  3 ball pythons (D:2)
  5 frilled lizards
  37 kobolds
  3 rats
803 creatures vanquished.

Vanquished Creatures (collateral kills)
  A naga warrior (Snake:2)
  An anaconda (Snake:2)
  A death yak (Lair:1)
  A salamander mystic (Snake:2)
  2 mana vipers (Snake:2)
  2 black mambas (Snake:2)
  A naga (Snake:3)
  2 electric eels (Snake:2)
11 creatures vanquished.

Vanquished Creatures (others)
  Jorgrun (Snake:2)
  A fire giant (D:11)
  A salamander tyrant (Snake:3)
  An anaconda (Snake:2)
  A naga sharpshooter (Snake:2)
  A salamander mystic (Snake:2)
  A naga ritualist (Snake:3)
  4 salamanders (Snake:2)
  A naga mage (Snake:2)
  A naga (Snake:3)
  An electric eel (Snake:2)
  2 orc wizards
  A bush (Lair:5)
  14 demonic plants (Gauntlet)
  42 fungi
  270 plants
  32 withered plants
375 creatures vanquished.

Grand Total: 1189 creatures vanquished

Notes
Turn   | Place    | Note
-------+----------+-------------------------------------------
     0 | D:1      | croobank the Minotaur Fighter began the quest for the Orb.
     0 | D:1      | Reached XP level 1. HP: 19/19 MP: 0/0
    59 | D:1      | Reached XP level 2. HP: 22/27 MP: 1/1
   540 | D:2      | Reached XP level 3. HP: 23/33 MP: 2/2
   975 | D:2      | Reached XP level 4. HP: 41/41 MP: 3/3
  1264 | D:2      | Found a faded altar of an unknown god.
  1694 | D:3      | Noticed Sigmund
  1708 | D:3      | Killed Sigmund
  1709 | D:3      | Reached skill level 5 in Fighting
  1709 | D:3      | Reached skill level 5 in Armour
  1709 | D:3      | Reached skill level 5 in Shields
  1709 | D:3      | Reached XP level 5. HP: 48/48 MP: 4/4
  1709 | D:3      | Reached XP level 6. HP: 56/56 MP: 5/5
  2110 | D:3      | Noticed Grinder
  2118 | D:3      | Killed Grinder
  2119 | D:3      | Reached skill level 5 in Axes
  2119 | D:3      | Reached XP level 7. HP: 61/62 MP: 6/6
  2375 | D:4      | Noticed Eustachio
  2391 | D:4      | Killed Eustachio
  2427 | D:4      | Noticed Edmund
  2442 | D:4      | Killed Edmund
  2593 | D:4      | Noticed Duvessa
  2594 | D:4      | Noticed Dowan
  2604 | D:4      | Killed Duvessa
  2605 | D:4      | Killed Dowan
  2606 | D:4      | Reached XP level 8. HP: 47/71 MP: 7/7
  3662 | D:5      | Entered Level 5 of the Dungeon
  3775 | D:5      | Found a staircase to the Ecumenical Temple.
  3853 | Temple   | Entered the Ecumenical Temple
  3860 | Temple   | Became a worshipper of Gozag Ym Sagoz the Greedy
  4169 | D:6      | Reached XP level 9. HP: 81/81 MP: 8/8
  4374 | D:6      | Noticed a green ugly thing
  4383 | D:6      | HP: 1/81 [poisoned by a green ugly thing]
  6227 | D:8      | Found a bloodstained altar of Trog.
  6311 | D:8      | Found a broken altar of Ashenzari.
  7699 | D:9      | Identified the +1 mace of the Land of Plenty {vorpal,
                  | Will+}
  7724 | D:9      | Found a white marble altar of Elyvilon.
  7842 | D:9      | Reached XP level 10. HP: 91/91 MP: 9/9
  8195 | D:9      | Found a snail-covered altar of Cheibriados.
  8233 | D:9      | Noticed a two-headed ogre
  8243 | D:9      | Killed a two-headed ogre
  8244 | D:9      | Reached skill level 10 in Fighting
  8244 | D:9      | Reached skill level 10 in Armour
  8244 | D:9      | Reached skill level 10 in Shields
  8406 | D:10     | Entered Level 10 of the Dungeon
  8547 | D:10     | Found a flagged portal.
  8565 | Bailey   | Entered a bailey
  8639 | Bailey   | Identified the +8 falchion "Dauxky" {venom, rC+ SInv}
  8655 | Bailey   | Noticed an orc knight
  8661 | Bailey   | Reached skill level 10 in Axes
  8661 | Bailey   | Noticed an orc knight
  8675 | D:10     | Killed an orc knight
  8973 | D:10     | Noticed Josephine
  8973 | D:10     | Noticed a two-headed ogre
  9008 | D:10     | Found a portal to a secret trove of treasure.
  9064 | D:10     | Found a staircase to the Orcish Mines.
  9377 | D:10     | Found a staircase to the Lair.
  9431 | D:10     | Killed Josephine
  9432 | D:10     | Reached XP level 11. HP: 70/101 MP: 10/10
  9434 | D:10     | Killed a two-headed ogre
  9855 | Lair:1   | Entered Level 1 of the Lair of Beasts
 10602 | Lair:1   | Noticed a four-headed hydra
 10651 | Lair:1   | Killed a four-headed hydra
 10960 | Lair:1   | Noticed a six-headed hydra
 10969 | Lair:1   | Killed a six-headed hydra
 11189 | Lair:1   | Noticed Gastronok
 11209 | Lair:1   | Killed Gastronok
 11928 | Lair:2   | Reached XP level 12. HP: 108/112 MP: 11/11
 12544 | Lair:2   | Found a transporter.
 12567 | Lair:2   | Found a transporter.
 12575 | Lair:2   | Found a bloodstained altar of Trog.
 12576 | Lair:2   | Noticed Ajec's ghost (journeyman OgCA)
 12628 | Lair:2   | Found a snail-covered altar of Cheibriados.
 13128 | Lair:2   | Found a staircase to the Shoals.
 13483 | Lair:3   | Noticed a four-headed hydra
 13510 | Lair:3   | Killed a four-headed hydra
 13780 | Lair:3   | Noticed a death yak
 13787 | Lair:3   | Noticed a death yak
 13787 | Lair:3   | Noticed a death yak
 13813 | Lair:1   | Killed a death yak
 14102 | Lair:1   | Killed a death yak
 14361 | Lair:3   | Noticed a seven-headed hydra
 14386 | Lair:3   | Killed a seven-headed hydra
 14661 | Lair:3   | Noticed an eight-headed hydra
 14866 | Lair:2   | Killed an eight-headed hydra
 15358 | Lair:3   | Found a staircase to the Snake Pit.
 15495 | Lair:3   | Found a shimmering altar of Xom.
 15691 | Lair:2   | Killed a death yak
 16008 | Lair:4   | Gained mutation: You have sharp toenails. [potion of
                  | mutation]
 16008 | Lair:4   | Gained mutation: You do not regenerate when monsters are
                  | visible. [potion of mutation]
 16009 | Lair:4   | Lost mutation: You do not regenerate when monsters are
                  | visible. [potion of mutation]
 16009 | Lair:4   | Lost mutation: You have sharp toenails. [potion of
                  | mutation]
 16009 | Lair:4   | Gained mutation: You are clumsy. (Dex -2) [potion of
                  | mutation]
 16009 | Lair:4   | Lost mutation: You are clumsy. (Dex -2) [potion of
                  | mutation]
 16010 | Lair:4   | Gained mutation: You are clumsy. (Dex -2) [potion of
                  | mutation]
 16010 | Lair:4   | Gained mutation: You are dopey. (Int -2) [potion of
                  | mutation]
 16011 | Lair:4   | Lost mutation: You are clumsy. (Dex -2) [potion of
                  | mutation]
 16011 | Lair:4   | Lost mutation: You are dopey. (Int -2) [potion of mutation]
 16011 | Lair:4   | Gained mutation: Your mind is acute. (Int +2) [potion of
                  | mutation]
 16011 | Lair:4   | Gained mutation: Your body sometimes deteriorates upon
                  | taking damage. [potion of mutation]
 16011 | Lair:4   | Gained mutation: You possess an exceptional clarity of
                  | mind. [potion of mutation]
 16012 | Lair:4   | Lost mutation: You possess an exceptional clarity of mind.
                  | [potion of mutation]
 16012 | Lair:4   | Lost mutation: Your body sometimes deteriorates upon taking
                  | damage. [potion of mutation]
 16012 | Lair:4   | Lost mutation: Your mind is acute. (Int +2) [potion of
                  | mutation]
 16012 | Lair:4   | Gained mutation: Potions are less effective at restoring
                  | your health. [potion of mutation]
 16012 | Lair:4   | Gained mutation: Your mind is acute. (Int +2) [potion of
                  | mutation]
 16013 | Lair:4   | Lost mutation: Your mind is acute. (Int +2) [potion of
                  | mutation]
 16013 | Lair:4   | Lost mutation: Potions are less effective at restoring your
                  | health. [potion of mutation]
 16013 | Lair:4   | Gained mutation: You have sharp fingernails. [potion of
                  | mutation]
 16013 | Lair:4   | Gained mutation: A frigid envelope surrounds you and
                  | freezes all who hurt you. [potion of mutation]
 16013 | Lair:4   | Gained mutation: You expend magic power (3 MP) to
                  | strengthen your wands. [potion of mutation]
 16013 | Lair:4   | Gained mutation: You are partially covered in iridescent
                  | scales. (AC +2) [potion of mutation]
 16015 | Lair:4   | Noticed a four-headed hydra
 16022 | Lair:4   | Killed a four-headed hydra
 16109 | Lair:4   | Noticed a catoblepas
 16120 | Lair:4   | Killed a catoblepas
 16121 | Lair:4   | Reached XP level 13. HP: 108/123 MP: 12/12
 17367 | Lair:5   | Identified the +0 glaive of Zefal {vorpal, rF+ rC+ rN++
                  | Dex-5}
 17584 | Lair:5   | Noticed Sonja
 17586 | Lair:5   | Noticed Sonja
 17586 | Lair:5   | Sonja changed into Sonja the golden eye
 17588 | Lair:5   | Killed Sonja the golden eye
 17997 | Lair:6   | Entered Level 6 of the Lair of Beasts
 18345 | Lair:6   | Reached skill level 15 in Armour
 18352 | Lair:6   | Reached skill level 15 in Fighting
 18391 | Lair:6   | Reached skill level 15 in Shields
 18560 | Lair:6   | Reached XP level 14. HP: 128/135 MP: 13/13
 18748 | Lair:6   | Got the Collected Works on Combat Magic
 18895 | Lair:6   | Identified the +8 spear of Risk Management {vorpal, Will+
                  | Int+3 Dex+3}
 19024 | Lair:6   | Found a viscous altar of Jiyva.
 19025 | Lair:6   | Found a staircase to the Slime Pits.
 19226 | Lair:6   | Reached skill level 15 in Axes
 19518 | D:11     | Noticed Psyche
 19525 | D:11     | Killed Psyche
 19552 | D:11     | Identified the +8 triple crossbow "Rydil" {elec, rPois}
 19809 | Orc:1    | Entered Level 1 of the Orcish Mines
 20232 | Orc:2    | Entered Level 2 of the Orcish Mines
 20232 | Orc:2    | Found a gate leading to a gauntlet.
 20332 | Gauntlet | Entered a Gauntlet
 20332 | Gauntlet | Found a transporter.
 20335 | Gauntlet | Found a large runed translucent door.
 20335 | Gauntlet | Found a large runed translucent door.
 20336 | Gauntlet | Found a large runed translucent door.
 20336 | Gauntlet | Found a large runed translucent door.
 20337 | Gauntlet | Found a transporter.
 20337 | Gauntlet | Found a transporter.
 20337 | Gauntlet | Found a transporter.
 20347 | Gauntlet | Found a runed translucent door.
 20347 | Gauntlet | Found a runed translucent door.
 20347 | Gauntlet | Found a large runed translucent door.
 20347 | Gauntlet | Found a large runed translucent door.
 20349 | Gauntlet | Found a large runed translucent door.
 20349 | Gauntlet | Found a transporter.
 20358 | Gauntlet | Found a large runed translucent door.
 20359 | Gauntlet | Found a large runed translucent door.
 20360 | Gauntlet | Found a large runed translucent door.
 20361 | Gauntlet | Found a large runed translucent door.
 20361 | Gauntlet | Found a large runed translucent door.
 20362 | Gauntlet | Found a runed translucent gate.
 20362 | Gauntlet | Found a runed translucent gate.
 20362 | Gauntlet | Found a runed translucent gate.
 20364 | Gauntlet | Found a transporter.
 20366 | Gauntlet | Found a large runed translucent door.
 20366 | Gauntlet | Found a large runed translucent door.
 20366 | Gauntlet | Found a large runed translucent door.
 20366 | Gauntlet | Found a large runed translucent door.
 20386 | Gauntlet | Found a transporter.
 20389 | Gauntlet | Noticed a balrug
 20440 | Gauntlet | Found a transporter.
 20474 | Gauntlet | Killed a balrug
 20481 | Gauntlet | Found a transporter.
 20495 | Gauntlet | Identified the +1 demon blade of Rapuw {drain, Int+5 SInv}
 20495 | Gauntlet | Found a transporter.
 20497 | Gauntlet | Found a transporter.
 20612 | Gauntlet | Identified the +7 longbow of Exhibitionism {venom, rCorr
                  | Int-4 Dex+8}
 20754 | Orc:2    | Found Rirghaga's Antique Armour Boutique.
 20789 | Orc:2    | Bought a glimmering buckler for 247 gold pieces
 20789 | Orc:2    | Identified the +1 buckler of Life {Dex+2} (You bought it in
                  | a shop on level 2 of the Orcish Mines)
 21087 | Orc:2    | Found a staircase to the Elven Halls.
 21151 | Orc:2    | Found Woavvada's Distillery.
 21399 | Orc:2    | Found Nuzezog's General Store.
 21414 | Orc:2    | Gained mutation: Your spells are a little easier to cast,
                  | but a little less powerful. [a neqoxec]
 21415 | Orc:2    | Gained mutation: Your spells are easier to cast, but less
                  | powerful. [a neqoxec]
 21805 | Orc:2    | Gained mutation: Your spells are much easier to cast, but
                  | much less powerful. [a neqoxec]
 22174 | Orc:2    | Bought a potion of heal wounds for 65 gold pieces
 22176 | Orc:2    | Bought a scroll of enchant armour for 97 gold pieces
 22176 | Orc:2    | Bought a potion of heal wounds for 65 gold pieces
 22474 | Orc:2    | Found Huitenla's Jewellery Shoppe.
 22474 | Orc:2    | Found Giusic's Antique Armour Emporium.
 22475 | Orc:2    | Found a one-way gate leading to the halls of Pandemonium.
 22492 | Orc:2    | Bought a ring of willpower for 300 gold pieces
 22492 | Orc:2    | Bought a ring of resist corrosion for 240 gold pieces
 23176 | D:11     | Reached XP level 15. HP: 145/145 MP: 14/14
 23238 | D:11     | Got the Catalogue of Venomous Flames
 23509 | D:11     | Noticed a fire giant
 23543 | D:11     | Killed a fire giant
 23701 | D:11     | Identified the ring "Hicwyles" {Wiz rN+ Str+3 Dex+2 SInv}
 24479 | D:12     | Found a broken altar of Ashenzari.
 25406 | D:13     | You fall into a shaft and drop 2 floors!
 25406 | D:15     | Entered Level 15 of the Dungeon
 25480 | D:15     | Found a staircase to the Depths.
 26041 | D:14     | Found Xoibb's General Store.
 26243 | D:13     | Noticed Azrael
 26281 | D:13     | Killed Azrael
 26404 | D:14     | Noticed Urug
 26404 | D:14     | Noticed Rupert
 26404 | D:14     | Found a gate to the Vaults.
 26569 | Snake:1  | Entered Level 1 of the Snake Pit
 27395 | Snake:1  | Reached XP level 16. HP: 136/157 MP: 15/15
 28626 | Snake:2  | Found Sifesuiwk's Antique Armour Boutique.
 28626 | Snake:2  | Found Cijiara's Jewellery Shop.
 28630 | Snake:2  | Found Xuvy's Antique Weapon Boutique.
 28678 | Snake:2  | Killed Jorgrun
 30607 | Snake:3  | Noticed smarlow's ghost (adept GnCj)
 30624 | Snake:3  | Found a runed translucent gate.
 30624 | Snake:3  | Found a runed translucent gate.
 30635 | Snake:3  | Found a runed translucent gate.
 30838 | Snake:3  | Slain by a naga warrior

Illustrated notes

Levels and vault maps discovered:
D:1:      ncdulo_smallfort, layout_rooms, st_stairs_1, serial_bayou_pond_b
D:2:      layout_loops_cross, basic_ecumenical_altar
D:3:      layout_loops_corners, minmay_misc_feat_columns, grunt_decor_arrowhead,
          uniq_grinder, uniq_sigmund
D:4:      layout_basic, corexii_item_surrounded_by_moat, uniq_duvessa,
          uniq_edmund, uniq_eustachio
D:5:      layout_basic, minmay_temple_entry_offerings, serial_bayou_lagoon_a
D:6:      layout_basic
D:7:      layout_loops_ring
D:8:      layout_layer_cave, mainiacjoe_overflow_24_doors,
          mainiacjoe_overflow_tiny_flanked, serial_park_tiny_pond
D:9:      layout_irregular_city, mainiacjoe_overflow_concentric_impassable,
          marbit_many_paths, serial_park_tiny_pond, hangedman_glass_teeth
D:10:     layout_stronghold, dpeg_oklobed_lair, orc_0_dummy, enter_trove_3,
          enter_bailey_6, uniq_josephine
D:11:     layout_long_grid, nicolae_rejected_hall, uniq_psyche
D:12:     layout_gridville, serial_glass, glass_columns_c, glass_columns_b,
          nicolae_ashenzari_panopticon
D:13:     layout_irregular_city, uniq_azrael
D:14:     layout_roguey, david_vaults_3, serial_shops, shop, hangedman_fish_farm
D:15:     gammafunk_depths_entry_grave, layout_irregular_city,
          serial_bayou_shore_b, uniq_nessos, uniq_kirke
Temple:   hc_temple_tempest_star
Lair:1:   layout_gridlike, st_stairs_13, uniq_gastronok
Lair:2:   layout_loops_ring, elwin_shoals_entry_rooms,
          gammafunk_ghost_wrathful_warriors, kennysheep_snail_temple,
          grunt_megastairs_4, infiniplex_staircase_pool_2
Lair:3:   layout_concentric_octagons, guppyfry_snake_entry_island,
          lemuel_oklob_altar
Lair:4:   layout_misc_corridors, nicolae_quartered_pool_medium,
          nicolae_lair_yak_garden
Lair:5:   layout_gridlike, serial_forest, infiniplex_forest_clump_medium,
          infiniplex_forest_straight_3, infiniplex_forest_clump_double,
          infiniplex_forest_lined_2, infiniplex_forest_end_1,
          infiniplex_forest_straight_1, infiniplex_forest_diagonal,
          infiniplex_forest_lined_2, infiniplex_forest_corner_2,
          infiniplex_forest_3_way, minivault_24, columned_hall_lemuel,
          uniq_sonja
Lair:6:   minmay_lair_end_frog_pond, layout_loops_ring, slime_altar_1,
          kennysheep_rathole
Snake:1:  cheibrodos_snake_ritualist_ritual, layout_cave_shapes, st_stairs_7,
          nicolae_snake_snake_lake, serial_bayou_pond_d, drop_trap
Snake:2:  layout_layer_cave, serial_bayou, serial_bayou_ford_a,
          serial_bayou_shore_b, serial_bayou_lake_a, serial_bayou_shore_a,
          drop_trap, minmay_shop_star, uniq_jorgrun
Snake:3:  layout_concentric_octagons, gammafunk_ghost_split, grunt_megastairs_1
Orc:1:    layout_caves
Orc:2:    pf_orc_diabolical, layout_diamond_mine, basic_altar,
          gauntlet_entry_generic, serial_shops, nicolae_shop_hallway_plus

Skill      XL: |  1  2  3  4  5  6  7  8  9 10 11 12 13 14 15 16 |
---------------+-------------------------------------------------+-----
Fighting       | 4 5 6 7 9 10 12 13 15 16 17 18 | 18.5
Armour         | 4 5 6 7 9 10 12 13 15 16 17 18 | 18.5
Shields        | 4 5 6 7 9 10 12 13 15 16 17 18 | 18.5
Axes           | 3 4 5 6 7 8 10 12 13 14 16 17 18 | 18.2

Action                   |  1- 3 |  4- 6 |  7- 9 | 10-12 | 13-15 | 16-18 || total
-------------------------+-------+-------+-------+-------+-------+-------++-------
Melee: War axe           |    67 |    65 |   332 |   108 |       |       ||   572
       Headbutt          |    12 |     3 |    57 |   120 |   294 |    74 ||   560
       Broad axe         |       |       |       |   278 |  1051 |   276 ||  1605
       Dire flail        |       |       |       |    74 |    41 |       ||   115
       Falchion          |       |       |       |    10 |       |       ||    10
       Punch             |       |       |       |     2 |     2 |       ||     4
       Mace              |       |       |       |    11 |       |       ||    11
       Scimitar          |       |       |       |       |    12 |       ||    12
 Fire: Hunting sling     |     1 |       |       |       |    63 |    10 ||    74
Throw: Boomerang         |       |       |       |     6 |       |       ||     6
       Throwing net      |       |       |       |     6 |       |       ||     6
       Dart              |       |       |       |    10 |     2 |       ||    12
Invok: Potion Petition   |       |       |       |       |     2 |       ||     2
       Bribe Branch      |       |       |       |       |       |     1 ||     1
Evoke: Wand              |       |       |     1 |     7 |     3 |       ||    11
       Phial of floods   |       |       |       |     1 |       |     1 ||     2
       Box of beasts     |       |       |       |       |       |     1 ||     1
  Use: Scroll            |       |       |    14 |    12 |    11 |       ||    37
       Potion            |       |       |     4 |    15 |     5 |     2 ||    26
 Stab: Held in net/web   |       |       |       |     3 |       |       ||     3
       Distracted        |       |       |       |     2 |     7 |       ||     9
       Invisible         |       |       |       |       |     2 |       ||     2
Armor: Scale mail        |    37 |    22 |    14 |       |       |       ||    73
       Chain mail        |       |       |   188 |   395 |   629 |   107 ||  1319
Dodge: Dodged            |    46 |    34 |   159 |   206 |   354 |    67 ||   866
Block: Buckler           |     8 |       |       |       |   266 |    76 ||   350
       Orb               |       |     8 |    79 |    69 |       |       ||   156
       Reflection        |       |       |       |     4 |       |       ||     4
       Other             |       |       |       |    48 |    12 |       ||    60
       Kite shield       |       |       |       |       |       |    16 ||    16
